 Dungeon Crawl Stone Soup version 0.21-a0-513-gdcb3f5e (webtiles) character file.

3668 theanonym the Basher (level 9, -7/82 HPs)
             Began as a Deep Dwarf Monk on Dec 2, 2017.
             Was a Priest of Elyvilon.
             Mangled by a two-headed ogre
             ... wielding a cursed -2 giant club
              (22 damage)
             ... on level 8 of the Dungeon.
             The game lasted 00:18:14 (6299 turns).

theanonym the Basher (Deep Dwarf Monk)              Turns: 6299, Time: 00:18:15

Health: -7/82      AC: 12    Str: 18    XL:     9   Next: 89%
Magic:  8/9        EV:  8    Int: 11    God:    Elyvilon [***...]
Gold:   349        SH:  0    Dex: 15    Spells: 8/8 levels left

rFire    . . .     SeeInvis .   a - +0 morningstar
rCold    + . .     Gourm    .   (no shield)
rNeg     . . .     Faith    .   C - +1 chain mail {rC+}
rPois    .         Spirit   .   e - +1 helmet
rElec    .         Reflect  .   (no cloak)
rCorr    .         Harm     .   l - +0 pair of gloves
MR       +....                  (no boots)
Stlth    ..........             (no amulet)
HPRegen  0.00/turn              u - ring of flight {+Fly}
MPRegen  0.11/turn              (no ring)

@: non-regenerating
A: damage resistance, heal wounds, sense surroundings 2, no regeneration
a: Heal Wounds, Lesser Healing, Heal Other, Purification, Divine Protection,
Renounce Religion, Evoke Flight


Innate Abilities, Weirdness & Mutations

You are resistant to damage.
You can heal yourself by infusing magical energy.
You passively map the area around you.
You do not regenerate.


   Skills:
 + Level 6.3 Fighting
 * Level 11.3 Maces & Flails
 - Level 3.3 Dodging
 - Level 2.4 Stealth
 + Level 8.3 Invocations


You had 8 spell levels left.
You didn't know any spells.

Skill      XL: |  1  2  3  4  5  6  7  8  9 |
---------------+----------------------------+-----
Fighting       | 3 4 6 |  6.3
Maces & Flails | 5 7 9 11 | 11.3
Invocations    | 5 8 |  8.3
Dodging        | |  3.3
Stealth        | |  2.4

Action                   |  1- 3 |  4- 6 |  7- 9 || total
-------------------------+-------+-------+-------++-------
Melee: Mace              |    96 |    36 |       ||   132
       Morningstar       |       |    47 |   552 ||   599
 Fire: Blowgun           |       |    14 |       ||    14
Throw: Tomahawk          |       |       |     1 ||     1
Invok: Heal Other        |       |       |     7 ||     7
       Lesser Healing    |       |       |     6 ||     6
 Abil: Heal Wounds       |     1 |     1 |    26 ||    28
Evoke: Wand              |       |       |     3 ||     3
  Use: Potion            |     2 |     6 |     3 ||    11
       Scroll            |       |     2 |    13 ||    15
 Stab: Sleeping          |     8 |     2 |       ||    10
  Eat: Chunk             |       |     5 |    11 ||    16
       Bread ration      |       |       |     1 ||     1
Armor: Robe              |    19 |       |       ||    19
       Leather armour    |    14 |    12 |       ||    26
       Skin              |       |    24 |    34 ||    58
       Plate armour      |       |    23 |     5 ||    28
       Chain mail        |       |     5 |   340 ||   345
Dodge: Dodged            |    59 |    47 |   207 ||   313

Inventory:

Hand Weapons
 a - a +0 morningstar (weapon)
   (You found it on level 3 of the Dungeon)
 n - a +0 blowgun
   (You took it off a kobold on level 3 of the Dungeon)
Missiles
 h - 3 tomahawks (quivered)
 x - 72 poisoned needles
Armour
 e - a +1 helmet (worn)
   (You found it on level 1 of the Dungeon)
 l - a +0 pair of gloves (worn)
   (You found it on level 1 of the Dungeon)
 C - a +1 chain mail of cold resistance (worn)
   (You took it off Ijyb on level 4 of the Dungeon)
Jewellery
 u - a ring of flight (left hand) {+Fly}
   (You found it on level 2 of the Dungeon)
 D - an uncursed ring of ice {rC+, rF-}
   (You found it on level 4 of the Dungeon)
Wands
 B - a wand of flame (28)
   (You took it off Ijyb on level 4 of the Dungeon)
 G - a wand of polymorph (28)
   (You found it on level 5 of the Dungeon)
 H - a wand of scattershot (2)
   (You found it on level 7 of the Dungeon)
Scrolls
 b - 3 scrolls of blinking
 d - 2 scrolls of amnesia
 f - a scroll of fog {!r}
 i - 6 scrolls of remove curse
 j - 3 scrolls of noise
 p - a scroll of torment {!r}
 r - 5 scrolls of identify
 t - 5 scrolls of teleportation {!r}
 y - 4 scrolls of magic mapping {!r}
 E - a scroll of enchant armour
 F - a scroll of immolation
Potions
 m - 2 potions of brilliance
 o - 4 potions of flight
 q - a potion of heal wounds
 v - a potion of magic
 w - 2 potions of curing
 z - 2 potions of might
 A - a potion of lignification
 I - a potion of haste {unknown}
Comestibles
 c - 6 bread rations
 g - 3 royal jellies
 s - 3 meat rations

Dungeon Overview and Level Annotations

Branches:
Dungeon (8/15)             Temple (1/1) D:5
   Lair: D:8-11

Altars:
Ashenzari
Cheibriados
Dithmenos
Elyvilon
Fedhas
Gozag
Hepliaklqana
Kikubaaqudgha
Makhleb
Nemelex Xobeh
Okawaru
Qazlal
Ru
Sif Muna
Trog
Uskayaw
Vehumet
Wu Jian
Xom
Yredelemnul
Zin
The Shining One

Shops:
D:5 ?


You were on level 8 of the Dungeon.
You worshipped Elyvilon.
Elyvilon was most pleased with you.
You were near starving.

You visited 2 branches of the dungeon, and saw 9 of its levels.

You collected 475 gold pieces.
You spent 126 gold pieces at shops.


Message History

You hit the orc warrior but do no damage.
The orc warrior closely misses you.
You closely miss the orc warrior. The orc warrior closely misses you.
The orc priest calls upon Beogh to heal the orc warrior.
The orc warrior's wounds heal themselves!
You closely miss the orc warrior. The orc warrior barely misses you.
You barely miss the orc warrior.
Your chain mail prevents you from hitting the orc warrior.
The orc warrior hits you with a halberd!
You take 13 damage, and have 43/82 hp.
You puncture the orc warrior!
The orc priest miscasts a cantrip.
The orc warrior hits you with a halberd!
* * * LOW HITPOINT WARNING * * *
You take 11 damage, and have 32/82 hp.
You are too injured to fight recklessly!
You are too injured to fight recklessly!
You are too injured to fight recklessly!
You are too injured to fight recklessly!
You are too injured to fight recklessly!
You closely miss the orc warrior.
The orc warrior hits you with a halberd!
* * * LOW HITPOINT WARNING * * *
You take 8 damage, and have 24/82 hp.
The orc priest invokes the aid of Beogh against you.
Beogh smites you!
* * * LOW HITPOINT WARNING * * *
The orc warrior hits you from afar with a halberd!
* * * LOW HITPOINT WARNING * * *
Items here: )) [ † a flail of protection; a dagger; a ring mail; an orc corpse You take 10 damage, and have 14/82 hp.
Heal: an orc priest, wielding a war axe The orc priest turns neutral.
You are feeling very hungry.
You now have 7/9 mp.
The orc warrior throws a tomahawk.
The tomahawk hits you but does no damage.
The orc priest hits the orc warrior with a war axe.
You see here a tomahawk.
The orc warrior throws a tomahawk.
The tomahawk hits you!
* * * LOW HITPOINT WARNING * * *
You see here a tomahawk.
You take 10 damage, and have 4/82 hp.
Okay, then.
You feel much better.
You regained 19 hp, and now have 23/82 hp.
You feel much better.
You regained 27 hp, and now have 50/82 hp.
You feel much better.
You regained 23 hp, and now have 73/82 hp.
You hit the orc warrior but do no damage.
The orc warrior hits you with a halberd.
You take 5 damage, and have 68/82 hp.
You barely miss the orc warrior. The orc warrior closely misses you.
You hit the orc warrior.
The orc warrior hits you with a halberd!
You take 13 damage, and have 55/82 hp.
You hit the orc warrior.
The orc warrior hits you but does no damage.
You hit the orc warrior but do no damage.
You hit the orc warrior but do no damage.
The orc warrior hits you with a halberd!
* * * LOW HITPOINT WARNING * * *
You take 14 damage, and have 41/82 hp.
You closely miss the orc warrior.
The orc warrior hits you with a halberd.
You hit the orc warrior but do no damage.
The orc warrior barely misses you.
You hit the orc warrior but do no damage.
You barely miss the orc warrior.
The orc warrior hits you with a halberd!
* * * LOW HITPOINT WARNING * * *
You take 11 damage, and have 30/82 hp.
You hit the orc warrior but do no damage.
The orc warrior closely misses you.
You closely miss the orc warrior. The orc warrior closely misses you.
MP restored: 9 You puncture the orc warrior!
The orc warrior barely misses you.
You puncture the orc warrior!
You kill the orc warrior!
The two-headed ogre shouts in stereo!
Things that are here:
a halberd; a plate armour; 4 tomahawks Heal: a two-headed ogre, wielding a giant club and a giant spiked club The light of Elyvilon fails to reach the two-headed ogre.
You are near starving!
You now have 7/9 mp.
You see here a tomahawk.
Items here: )) [ † a flail of protection; a dagger; a ring mail; an orc corpse The two-headed ogre closely misses you.
The two-headed ogre barely misses you.
Aim: a two-headed ogre, wielding a giant club and a giant spiked club The burst of metal fragments hits the two-headed ogre. x2
Aim: a two-headed ogre, wielding a giant club and a giant spiked club (moderately wounded)
The burst of metal fragments hits the two-headed ogre. x3
The two-headed ogre hits you with a giant club!
* * * LOW HITPOINT WARNING * * *
The two-headed ogre hits you with a giant spiked club!!
You die...

#.#########.# .# #.# #.# .#* #.#
#.####.# ####.##### #....#(#*
#........########)#.##.###
#.............).(.........
#.........########.###.###
#........O# #...#.#.. ####'####@#
#.#.#.#.. ###### #.####.######
#.#.#.#..
.....######......##...###.#.#.#..
.....'.......................÷.>.
.....##############...###.#.###..
.....# #...# #.#.# #.. .....#
#...# #.#.####. .###.#
#######...###........ ## #.#
#..........####.#####


You could see a two-headed ogre.

Notes
Turn   | Place    | Note
-------+----------+-------------------------------------------
     0 | D:1      | theanonym the Deep Dwarf Monk began the quest for the Orb.
     0 | D:1      | Reached XP level 1. HP: 20/20 MP: 1/1
   216 | D:1      | Reached skill level 3 in Fighting
   216 | D:1      | Reached XP level 2. HP: 28/28 MP: 2/2
   385 | D:1      | HP: 14/28 [gnoll/spear (6)]
   391 | D:1      | HP: 6/28 [gnoll/spear (2)]
   567 | D:1      | Reached XP level 3. HP: 34/34 MP: 3/3
   819 | D:2      | Reached skill level 4 in Fighting
   920 | D:2      | Found a faded altar of an unknown god.
  1003 | D:2      | Reached XP level 4. HP: 36/44 MP: 4/4
  1218 | D:3      | Noticed Swippen's ghost (amateur HOBe)
  1224 | D:3      | HP: 21/45 [Swippen's ghost (9)]
  1226 | D:3      | HP: 4/45 [Swippen's ghost (10)]
  1234 | D:3      | Killed Swippen's ghost
  1234 | D:3      | Reached skill level 6 in Fighting
  1234 | D:3      | Reached XP level 5. HP: 37/55 MP: 5/5
  1234 | D:3      | Reached XP level 6. HP: 41/62 MP: 6/6
  2154 | D:4      | Found an opulent altar of Gozag.
  2224 | D:4      | Reached skill level 4 in Maces & Flails
  2263 | D:4      | HP: 31/62 [adder skeleton (1)]
  2273 | D:4      | Noticed Ijyb
  2274 | D:4      | HP: 25/62 [Ijyb/wand of flame (34) (6)]
  2282 | D:4      | Noticed Eustachio
  2305 | D:4      | Killed Eustachio
  2305 | D:4      | Reached skill level 5 in Maces & Flails
  2305 | D:4      | Reached XP level 7. HP: 42/69 MP: 7/7
  2409 | D:4      | Killed Ijyb
  2687 | D:4      | Noticed Duvessa
  2687 | D:4      | Noticed Dowan
  2701 | D:4      | Killed Dowan
  2701 | D:4      | Reached skill level 6 in Maces & Flails
  2707 | D:4      | HP: 46/103 [Duvessa/short sword of venom (10)]
  2712 | D:4      | HP: 33/103 [poisoned by Duvessa]
  2717 | D:4      | Killed Duvessa
  2717 | D:4      | HP: 35/103 [poisoned by Duvessa]
  2770 | D:4      | Reached skill level 7 in Maces & Flails
  3063 | D:5      | Entered Level 5 of the Dungeon
  3124 | D:5      | Found Suffy's Magic Scroll Emporium.
  3129 | D:5      | Reached XP level 8. HP: 38/76 MP: 6/6
  3129 | D:5      | HP: 37/76 [orc/short sword (1)]
  3146 | D:5      | HP: 25/76 [iguana (7)]
  3149 | D:5      | HP: 4/76 [orc priest/divine providence (11)]
  3166 | D:4      | Reached skill level 8 in Maces & Flails
  3203 | D:5      | Found a staircase to the Ecumenical Temple.
  3216 | Temple   | Entered the Ecumenical Temple
  3251 | Temple   | Became a worshipper of Elyvilon the Healer
  3251 | Temple   | Reached * piety under Elyvilon
  3251 | Temple   | Reached ** piety under Elyvilon
  3309 | D:5      | Reached skill level 1 in Invocations
  3342 | D:5      | Reached skill level 2 in Invocations
  3364 | D:5      | Bought a scroll of identify for 22 gold pieces
  3364 | D:5      | Bought a scroll of identify for 22 gold pieces
  3366 | D:5      | Bought a scroll of holy word for 82 gold pieces
  3454 | D:5      | Found a shadowy altar of Dithmenos.
  3525 | D:5      | Found a burning altar of Makhleb.
  3581 | D:5      | Reached skill level 3 in Invocations
  3811 | D:6      | Noticed Roxy's ghost (amateur FoFi)
  3818 | D:6      | HP: 38/76 [orc warrior/dire flail (10)]
  3844 | D:6      | HP: 25/76 [orc warrior/dire flail (13)]
  3854 | D:5      | HP: 24/114 [orc warrior/dire flail (13)]
  3855 | D:5      | Reached skill level 9 in Maces & Flails
  3855 | D:5      | Reached skill level 4 in Invocations
  3898 | D:6      | HP: 30/76 [Roxy's ghost (11)]
  3901 | D:6      | Killed Roxy's ghost
  3901 | D:6      | Reached skill level 5 in Invocations
  3959 | D:6      | Gained mutation: You passively map the area around you. [Deep Dwarf growth]
  3959 | D:6      | Reached XP level 9. HP: 82/82 MP: 7/9
  4115 | D:6      | Reached skill level 6 in Invocations
  4265 | D:6      | Found an ancient bone altar of Kikubaaqudgha.
  4267 | D:6      | Found a blossoming altar of Fedhas.
  4732 | D:7      | Reached *** piety under Elyvilon
  4748 | D:7      | Reached skill level 10 in Maces & Flails
  4759 | D:7      | HP: 34/82 [orc priest/divine providence (8)]
  4860 | D:7      | HP: 33/82 [orc priest/divine providence (11)]
  5055 | D:7      | Reached skill level 7 in Invocations
  5319 | D:7      | HP: 34/82 [orc warrior/hand axe (10)]
  5338 | D:7      | HP: 41/82 [orc/trident (4)]
  5511 | D:8      | Reached skill level 11 in Maces & Flails
  5586 | D:8      | HP: 37/82 [orc warrior/mace (9)]
  5595 | D:8      | HP: 30/82 [orc warrior/mace (7)]
  5597 | D:8      | Reached skill level 8 in Invocations
  5687 | D:8      | HP: 38/82 [something (4)]
  5691 | D:8      | Noticed a two-headed ogre
  5694 | D:8      | HP: 31/82 [something (5)]
  5700 | D:8      | HP: 22/82 [something (5)]
  5708 | D:8      | HP: 11/82 [something (3)]
  5709 | D:8      | HP: 4/82 [something (5)]
  5838 | D:7      | HP: 34/82 [scorpion (4)]
  5883 | D:8      | Found a hazy altar of Hepliaklqana.
  6090 | D:8      | Found a radiant altar of Vehumet.
  6096 | D:8      | Found a sacrificial altar of Ru.
  6096 | D:8      | Found an opulent altar of Gozag.
  6096 | D:8      | Found a shattered altar of Ashenzari.
  6097 | D:8      | Found a deep blue altar of Sif Muna.
  6098 | D:8      | Found a sparkling altar of Nemelex Xobeh.
  6099 | D:8      | Found a shimmering altar of Xom.
  6101 | D:8      | Found a stormy altar of Qazlal.
  6259 | D:8      | HP: 32/82 [orc warrior/halberd (11)]
  6261 | D:8      | HP: 14/82 [orc warrior/halberd (4)]
  6265 | D:8      | HP: 4/82 [orc warrior/tomahawk (10)]
  6275 | D:8      | HP: 41/82 [orc warrior/halberd (14)]
  6299 | D:8      | HP: 15/82 [two-headed ogre/giant club (15)]
  6299 | D:8      | Mangled by a two-headed ogre

Vanquished Creatures
  The ghost of Swippen the Cudgeler, an amateur HOBe of Trog (D:3)
  The ghost of Roxy the Slasher, an amateur FoFi of Okawaru (D:6)
  A hippogriff (D:7)
  Eustachio (D:4)
  Duvessa (D:4)
  A water moccasin (D:4)
  4 orc warriors
  A sky beast (D:5)
  A necrophage (D:7)
  A phantom (D:6)
  A black bear (D:7)
  A centaur (D:5)
  4 scorpions
  Dowan (D:4)
  4 wights (D:6)
  4 howler monkeys
  4 crimson imps
  A bullfrog zombie (D:6)
  3 centaur zombies
  2 hounds
  5 orc priests
  9 orc wizards
  3 iguanas
  Ijyb (D:4)
  9 worker ants
  2 howler monkey zombies
  A worker ant zombie (D:5)
  3 gnolls
  9 adders
  2 shadow imps
  An ooze (D:2)
  7 adder skeletons
  An adder zombie (D:6)
  2 worms
  A dart slug (D:2)
  26 orcs
  A ball python (D:1)
  5 giant cockroaches
  9 goblins
  4 hobgoblins
  7 jackals
  5 kobolds
  A quokka (D:4)
  A ball python skeleton (D:6)
  4 bats
  6 frilled lizards
  A leopard gecko skeleton (D:6)
  A quokka zombie (D:2)
  5 rats
170 creatures vanquished.

Vanquished Creatures (others)
  An orc priest (D:7)
  A gnoll (D:7)
  2 jackals (D:7)
  A kobold (D:2)
5 creatures vanquished.

Grand Total: 175 creatures vanquished
